 Dungeon Crawl Stone Soup version 0.21-a0-509-gecc5317 (webtiles) character file.

382 theanonym the Ruffian (level 6, -2/47 HPs)
             Began as a Draconian Transmuter on Nov 30, 2017.
             Killed from afar by an orc wizard (5 damage)
             ... with a magic dart
             ... on level 4 of the Dungeon.
             The game lasted 00:16:28 (3482 turns).

theanonym the Ruffian (Draconian Transmuter)        Turns: 3482, Time: 00:16:29

Health: -2/47      AC:  2    Str: 12    XL:     6   Next: 47%
Magic:  7/9        EV: 19    Int: 16    God:
Gold:   60         SH:  0    Dex: 16    Spells: 3/9 levels left

rFire    . . .     SeeInvis .     - Unarmed
rCold    . . .     Gourm    .   (shield currently unavailable)
rNeg     . . .     Faith    .   (armour unavailable)
rPois    x         Spirit   .   (helmet currently unavailable)
rElec    .         Reflect  .   (cloak currently unavailable)
rCorr    .         Harm     .   (gloves currently unavailable)
MR       .....                  (boots currently unavailable)
Stlth    +.........             (no amulet)
HPRegen  0.15/turn              (no ring)
MPRegen  0.11/turn              (no ring)

@: spider-form (expiring)
A: tiny, unfitting armour, AC +6
a: End Transformation


Innate Abilities, Weirdness & Mutations

((Your plain brown scales are hard. (AC +6)))
You cannot fit into any form of body armour.
((You are cold-blooded and may be slowed by cold attacks.))


   Skills:
 - Level 1.1 Fighting
 - Level 1.7 Dodging
 * Level 5.9 Unarmed Combat
 - Level 2.0 Spellcasting
 + Level 4.0 Transmutations
 + Level 2.2 Poison Magic


You had 3 spell levels left.
You knew the following spells:

 Your Spells              Type           Power        Failure   Level  Hunger
a - Beastly Appendage     Tmut           ##....       13%         1    #......
b - Sticks to Snakes      Tmut           ##......     17%         2    ###....
c - Spider Form           Tmut/Pois      ##........   36%         3    ###....

Skill      XL: |  1  2  3  4  5  6 |
---------------+-------------------+-----
Unarmed Combat | 4 5 |  5.9
Transmutations | 3 4 |  4.0
Poison Magic   | 1 2 |  2.2
Fighting       | |  1.1
Dodging        | |  1.7
Spellcasting   | |  2.0

Action                   |  1- 3 |  4- 6 || total
-------------------------+-------+-------++-------
Melee: Unarmed           |   117 |   145 ||   262
       Tailslap          |     6 |    10 ||    16
       Headbutt          |     2 |     5 ||     7
       Kick              |       |     4 ||     4
 Cast: Beastly Appendage |     4 |     9 ||    13
       Sticks to Snakes  |       |     1 ||     1
       Spider Form       |       |     7 ||     7
  Use: Potion            |     2 |     1 ||     3
       Scroll            |       |     9 ||     9
 Stab: Sleeping          |     1 |     2 ||     3
  Eat: Chunk             |       |     7 ||     7
       Fruit             |       |     3 ||     3
Armor: Skin              |    36 |    29 ||    65
Dodge: Dodged            |    81 |    84 ||   165

Inventory:

Missiles
 a - 80 arrows
Scrolls
 e - a scroll of immolation
 i - a scroll of enchant armour
 o - a scroll of remove curse
 r - 2 scrolls of identify
Potions
 f - a potion of lignification
 g - a potion of brilliance {unknown}
 h - a potion of degeneration
 k - a potion of flight
 l - a potion of might {unknown}
 m - a potion of mutation {unknown}
 n - a potion of magic {unknown}
Books
 b - a book of Changes

   Spells                             Type                      Level
   a - Beastly Appendage              Transmutation                1
   b - Sticks to Snakes               Transmutation                2
   c - Spider Form                    Transmutation/Poison         3
   d - Ice Form                       Ice/Transmutation            4
   e - Blade Hands                    Transmutation                5
Comestibles
 c - 3 bread rations
 d - 2 chunks of flesh
 j - 2 meat rations
 q - 2 royal jellies

Dungeon Overview and Level Annotations

Branches:
Dungeon (4/15)             Temple (1/1) D:4

Altars:
Ashenzari
Cheibriados
Dithmenos
Elyvilon
Fedhas
Hepliaklqana
Kikubaaqudgha
Makhleb
Nemelex Xobeh
Okawaru
Qazlal
Trog
Uskayaw
Vehumet
Wu Jian
Xom
Yredelemnul
Zin

Annotations:
D:3 Grinder
D:4 Gerstahl's ghost, amateur NaMo


You were on level 4 of the Dungeon.
You were not hungry.
You were a venomous arachnid creature.
You visited 2 branches of the dungeon, and saw 5 of its levels.

You collected 60 gold pieces.


Message History

A kobold comes into view. It is wielding a dagger.
The kobold moves out of view.
A kobold is nearby!
The kobold throws a stone.
The stone closely misses you. The kobold hits you with a dagger.
You take 1 damage, and have 46/47 hp.
You barely miss the kobold.
Your tail-slap misses the kobold.
The kobold hits you with a dagger.
You take 1 damage, and have 45/47 hp.
You barely miss the kobold.
You tail-slap the kobold, but do no damage.
You barely miss the kobold. The kobold closely misses you.
You hit the kobold.
You kill the kobold!
No target in view!
No target in view!
Things that are here:
a dagger; 3 stones Some of the chunks of flesh in your inventory have rotted away.
r - 2 scrolls of identify (gained 1)
Found 19 bolts.
Health restored: 47 Done exploring.
Done exploring.
Done exploring.
Done exploring.
There is a stone staircase leading down here.
You climb downwards.
Level annotation: Gerstahl's ghost, amateur NaMo
There is a stone staircase leading up here.
Found a dagger.
r - 3 scrolls of identify (gained 1)
You see here a dagger.
An orc comes into view. It is wielding a flail.
As you read the scroll of identify, it crumbles to dust.
f - a potion of lignification The orc shouts!
You hear a shout!
An orc comes into view. It is wielding a hand axe.
The orc shouts!
An orc priest comes into view. It is wielding a club.
You see here a dagger.
You turn into a venomous arachnid creature.
You now have 6/9 mp.
The orc hits you with a flail.
You take 2 damage, and have 45/47 hp.
You hit the orc.
The orc is poisoned.
The orc closely misses you.
You hit the orc.
The orc looks as sick as possible!
You kill the orc!
The orc priest casts a cantrip, but nothing happens.
The orc priest invokes the aid of Beogh against you.
Beogh smites you!
You hear a shout!
You see here a flail.
You take 14 damage, and have 31/47 hp.
MASSIVE DAMAGE!!
The orc priest mumbles some strange prayers to Beogh against you.
Beogh smites you!
* * * LOW HITPOINT WARNING * * *
You take 13 damage, and have 18/47 hp.
MASSIVE DAMAGE!!
You are too injured to fight recklessly!
You are too injured to fight recklessly!
You are too injured to fight recklessly!
You are too injured to fight recklessly!
You hit the orc priest.
The orc priest calls down the wrath of Beogh upon you.
Beogh smites you!
* * * LOW HITPOINT WARNING * * *
You take 16 damage, and have 2/47 hp.
MASSIVE DAMAGE!!
You hit the orc priest.
Your transformation is almost over.
The orc priest closely misses you.
You feel better.
The orc priest casts a cantrip, but nothing happens.
You regained 5 hp, and now have 7/47 hp.
You hit the orc priest. The orc priest closely misses you.
You hit the orc priest.
You kill the orc priest!
Your Transmutations skill increases to level 4!
An orc wizard comes into view. It is wielding a dagger.
You hit the orc.
The orc is poisoned.
The orc wizard casts a spell.
The orc wizard seems to speed up.
The orc closely misses you.
You barely miss the orc.
You kill the orc!
The orc wizard hits you with a dagger.
* * * LOW HITPOINT WARNING * * *
You take 2 damage, and have 5/47 hp.
You bite the orc wizard!
The orc wizard is poisoned.
The orc wizard casts a spell.
The orc wizard blinks!
You aren't carrying any items that you can evoke.
The orc wizard points at you and mumbles some strange words.
You resist with some effort.
You see here a flail.
The orc wizard completely misses you. The orc wizard hits you with a dagger.
* * * LOW HITPOINT WARNING * * *
You take 2 damage, and have 3/47 hp.
You hit the orc wizard but do no damage.
The orc wizard points at you and mumbles some strange words.
The magic dart hits you!
You die...

######################
#.§.)so...............
#)####################
#.# ### # #o#
##.######## #####.#.#
###<#.......#
#.......#
#......####.#
#.###.#o# #......# #..
.....# #..§>..# ###
###.#.# #......#


You could see an orc wizard.

Notes
Turn   | Place    | Note
-------+----------+-------------------------------------------
     0 | D:1      | theanonym the Draconian Transmuter began the quest for the Orb.
     0 | D:1      | Reached XP level 1. HP: 16/16 MP: 3/3
     0 | D:1      | theanonym: Я так понимаю через ледяную форму играют
     0 | D:1      | DsMo: ну кому что
     0 | D:1      | DsMo: бх тоже неплохие, но это для тех кто в броне
     0 | D:1      | theanonym: Что качать в начале?
     0 | D:1      | DsMo: я анарм драконианам качаю
     0 | D:1      | DsMo: но меня не слушай, у меня малостриков
     0 | D:1      | DsMo: хм
     0 | D:1      | theanonym: Не нужен стрик
     0 | D:1      | theanonym: Я просто не играл трансами
     0 | D:1      | DsMo: я почему-то помню что стики делали третьеуровнемыми
     0 | D:1      | DsMo: ананрм в фокусе, трансмутацию без
    34 | D:1      | DsMo: пока стики хотя бы 10-т процентными не станут
    58 | D:1      | Reached XP level 2. HP: 19/23 MP: 5/5
   311 | D:1      | DsMo: а вообще я когда играл первый раз драконианом-трансмутером качал по одной школе
   316 | D:1      | theanonym: В робе бегают?
   316 | D:1      | theanonym: А, туплю
   356 | D:1      | DsMo: нутипа - до 10т сперва анарм, потом до 10 файтинг и тд
   412 | D:1      | theanonym: Инт?
   412 | D:1      | Reached XP level 3. HP: 23/28 MP: 6/6
   423 | D:1      | HP: 14/28 [jackal (1)]
   428 | D:1      | HP: 14/28 [kobold/dagger (1)]
   429 | D:1      | Reached skill level 4 in Unarmed Combat
   433 | D:1      | DsMo: я интеллект качал, брал чеи и искал торнадо
   690 | D:1      | Learned a level 2 spell: Sticks to Snakes
   763 | D:2      | HP: 14/28 [worker ant (4)]
   768 | D:2      | HP: 6/28 [poisoned by a worker ant]
   771 | D:2      | Reached XP level 4. HP: 10/35 MP: 5/7
   773 | D:2      | DsMo: торнадо + статуя + чеи + предбанник волта 5 = халява
  1085 | D:2      | DsMo: я его за два шага из стороны в сторону разнес
  1114 | D:2      | Reached skill level 3 in Transmutations
  1313 | D:2      | DsMo: !lg goblin1989 drtm -log
  1313 | D:2      | beem: 21. Goblin1989, XL4 DrTm, T:1735: http://crawl.xtahua.com/crawl/morgue/Goblin1989/morgue-Goblin1989-20161210-145732.txt
  1313 | D:2      | theanonym: Надо либо лёд либо яд поднимать
  1313 | D:2      | DsMo: и то и то, по ситуации
  1313 | D:2      | DsMo: яд пока учи, пригодится на ограх
  1317 | D:2      | Learned a level 3 spell: Spider Form
  1417 | D:2      | HP: 17/35 [adder (1)]
  1423 | D:2      | HP: 14/35 [poisoned by an adder]
  1428 | D:2      | HP: 12/35 [poisoned by an adder]
  1435 | D:2      | HP: 11/35 [poisoned by an adder]
  1443 | D:2      | HP: 10/35 [poisoned by an adder]
  1905 | D:3      | Reached skill level 5 in Unarmed Combat
  1905 | D:3      | Reached skill level 1 in Poison Magic
  1905 | D:3      | Reached XP level 5. HP: 36/40 MP: 6/8
  1906 | D:3      | DsMo: про змей не забывая в случае чего, спасают
  2114 | D:3      | Found a stormy altar of Qazlal.
  2120 | D:3      | theanonym: Я вообще не хочу с чеи
  2120 | D:3      | theanonym: Только недавно играл нагой
  2120 | D:3      | DsMo: питоны констриктят и эв у противников снижают, простые зеленые ядом наклаывают, а коричневые так вообще имба
  2120 | D:3      | theanonym: Странный спелл, превращать стрелы в змей
  2120 | D:3      | DsMo: кику вон
  2120 | D:3      | DsMo: да норм
  2120 | D:3      | theanonym: Давали бы тогда выбор, превращать камней в големы и т.д.
  2120 | D:3      | DsMo: воображение тренируй, представляешь как твои стрелы в змей превращаются
  2120 | D:3      | theanonym: Зачем кику?
  2120 | D:3      | theanonym: Для книги?
  2120 | D:3      | DsMo: для трупов
  2120 | D:3      | DsMo: и для некромантии
  2120 | D:3      | theanonym: А трупы зачем?
  2120 | D:3      | theanonym: Слабый бог очень
  2120 | D:3      | DsMo: вызываешь трупы, делаешь из них кучу зомбей и табаешь с БХ
  2120 | D:3      | DsMo: намиру об этом скажи
  2120 | D:3      | DsMo: он помнится говорил что из одного трупа можно сделать три зомбя
  2195 | D:3      | Found a radiant altar of Vehumet.
  2300 | D:3      | HP: 13/40 [orc/flail (9)]
  2305 | D:3      | HP: 11/40 [poisoned by a kobold]
  2310 | D:3      | HP: 8/40 [poisoned by a kobold]
  2315 | D:3      | HP: 7/40 [poisoned by a kobold]
  2322 | D:3      | HP: 6/40 [poisoned by a kobold]
  2330 | D:3      | HP: 5/40 [poisoned by a kobold]
  2594 | D:3      | DsMo: эй, поостоножней там
  2596 | D:3      | DsMo: у тебя уязвимость к ядам если что
  2615 | D:3      | Noticed Grinder
  2617 | D:3      | HP: 20/40 [Grinder/nerve-wracking pain (10)]
  2619 | D:3      | DsMo: вниз
  2620 | D:3      | HP: 4/40 [Grinder/nerve-wracking pain (13)]
  2621 | D:3      | theanonym: Нормально он мне пейнов накидал
  2621 | D:3      | DsMo: я гриндера скипаю всегщда почти
  2623 | D:3      | Paralysed by Grinder for 5 turns
  2629 | D:3      | HP: 3/40 [Grinder/nerve-wracking pain (2)]
  2658 | D:4      | DsMo: потом его убьешь когда сильнее станешь
  2677 | D:4      | Found an ornate altar of the Wu Jian Council.
  2682 | D:4      | HP: 9/40 [crimson imp (1)]
  2692 | D:4      | Noticed Gerstahl's ghost (amateur NaMo)
  2696 | D:3      | HP: 10/40 [crimson imp (1)]
  2731 | D:3      | HP: 9/40 [orc wizard/magic dart (5)]
  2738 | D:4      | Found a staircase to the Ecumenical Temple.
  2743 | Temple   | Entered the Ecumenical Temple
  3081 | Temple   | theanonym: Мне идея с кику не нравится
  3081 | Temple   | DsMo: эля вон еще
  3081 | Temple   | DsMo: ву, хепл
  3081 | Temple   | DsMo: ирод не пойдет - он статую не любит
  3081 | Temple   | DsMo: козел тоже как-то не очень звучит
  3081 | Temple   | theanonym: Скучный он
  3081 | Temple   | DsMo: ну немелекс веселый
  3081 | Temple   | theanonym: Я бы взял узкую как самый нейтральный вариант
  3081 | Temple   | DsMo: ну бери, че тогда
  3081 | Temple   | theanonym: Или аш
  3081 | Temple   | theanonym: Слотов мало
  3081 | Temple   | DsMo: аш дракону не катит, мне кажется
  3081 | Temple   | theanonym: Да только броня, я думал шапка ещё
  3081 | Temple   | theanonym: Ладно поищу гозага
  3081 | Temple   | theanonym: Всего 1 раз играл с ним
  3088 | Temple   | DsMo: мне кажется плохая идея
  3088 | Temple   | theanonym: Почему?
  3088 | Temple   | DsMo: голод потому что
  3088 | Temple   | theanonym: Да ерунда
  3088 | Temple   | DsMo: мне вот повезло, я нашел перчатки с +7 инты и стафф оф визарди
  3125 | D:3      | Reached XP level 6. HP: 39/47 MP: 5/9
  3129 | D:3      | Reached skill level 2 in Poison Magic
  3471 | D:4      | HP: 18/47 [orc priest/divine providence (14)]
  3472 | D:4      | HP: 2/47 [orc priest/divine providence (16)]
  3476 | D:4      | Reached skill level 4 in Transmutations
  3478 | D:4      | HP: 5/47 [orc wizard/dagger (3)]
  3482 | D:4      | Killed from afar by an orc wizard

Vanquished Creatures
  2 howler monkeys
  A crimson imp (D:3)
  An orc priest (D:4)
  A worker ant (D:2)
  3 orc wizards (D:3)
  4 adders (D:2)
  An ooze (D:1)
  2 worms
  5 dart slugs
  2 leopard geckos (D:2)
  8 orcs
  3 giant cockroaches (D:1)
  10 goblins
  3 hobgoblins
  5 jackals
  A quokka (D:3)
  A ball python (D:2)
  4 bats
  3 frilled lizards
  12 kobolds
  6 rats
78 creatures vanquished.

Vanquished Creatures (collateral kills)
  A worm (D:2)
1 creature vanquished.

Grand Total: 79 creatures vanquished
